 Dungeon Crawl Stone Soup version 0.30-a0-364-gf6b3ef1049 (webtiles) character file.

Game seed: 10395372734699321311

64 billz999 the Grave Robber (level 3, -1/24 HPs)
             Began as a Demonspawn Necromancer on Nov 14, 2022.
             Slain by an ice beast (9 damage)
             ... on level 5 of the Dungeon.
             The game lasted 00:03:21 (2082 turns).

billz999 the Grave Robber (Demonspawn Necromancer)  Turns: 2082, Time: 00:03:21

Health: -1/24      AC:  6    Str:  7 (8)  XL:     3   Next: 91%
Magic:  6/7        EV: 12    Int: 17 (18) God:
Gold:   137        SH:  0    Dex: 11 (13) Spells: 7/8 levels left

rFire   . . .      SeeInvis .    k - +0 dagger (speed)
rCold   . . .      Faith    .    (no shield)
rNeg    . . .      Spirit   .    a - +0 robe
rPois   .          Reflect  .    c - +0 helmet
rElec   .          Harm     .    d - +0 cloak
rCorr   .          Rampage  .    (no gloves)
Will    .....                    (no boots)
Stlth   ++........               (no amulet)
HPRegen 0.24/turn                (no ring)
MPRegen 0.10/turn                (no ring)

@: no status effects
A: thin metallic scales 1
a: no special abilities


You were on level 5 of the Dungeon.
You visited 1 branch of the dungeon, and saw 5 of its levels.

You collected 137 gold pieces.

Inventory:

Hand Weapons
 k - a +0 dagger of speed (weapon)
Armour
 a - a +0 robe (worn)
 c - a +0 helmet (worn)
 d - a +0 cloak (worn)
Wands
 m - a wand of charming (6)
Scrolls
 e - 2 scrolls of identify {unknown}
 h - 2 scrolls of blinking {unknown}
 i - a scroll of noise {unknown}
 n - a scroll of magic mapping {unknown}
 s - a scroll of amnesia {unknown}
 u - a scroll of vulnerability {unknown}
 v - a scroll of enchant weapon {unknown}
Potions
 f - a potion of haste {unknown}
 g - a potion of degeneration
 j - a potion of ambrosia {unknown}
 l - a potion of might {unknown}
 o - a potion of lignification {unknown}
 p - 2 potions of curing {unknown}
 q - a potion of attraction {unknown}
 r - a potion of brilliance {unknown}
 t - a potion of mutation {unknown}


   Skills:
 - Level 1.7 Dodging
 - Level 1.7 Stealth
 * Level 3.4 Spellcasting
 + Level 5.0 Necromancy


You had 7 spell levels left.
You knew the following spells:

 Your Spells              Type           Power      Damage    Failure   Level
a - Necrotise             Necr           80%        1d8       2%          1

Your spell library contained the following spells:

 Spells                   Type           Power      Damage    Failure   Level
 Vampiric Draining        Necr           20%        2d7       6%          3
 Cigotuvi's Dreadful Rot  Necr/Pois/Air  16%        N/A       13%         2
 Animate Dead             Necr           20%        N/A       22%         4
 Dispel Undead            Necr           20%        3d11      22%         4
 Agony                    Necr           20%        N/A       52%         5
 Death Channel            Necr           10%        N/A       97%         6


Dungeon Overview and Level Annotations

Branches:
Dungeon (6/15)
 Temple: D:4-7

Altars:


Innate Abilities, Weirdness & Mutations

You are partially covered in thin metallic scales. (AC +2)


Message History

Aim: an ice beast (lightly wounded, chance to affect: 80%)
The ice beast writhes in agony!
The ice beast barely misses you.
Unknown command.
Casting: Necrotise (safe; 1% risk of failure)
Confirm with . or Enter, or press ? or * to list all spells.
Aiming: Necrotise (safe; 1% risk of failure)
Press: ? - help, Shift-Dir - straight line, f/p - ice beast
Aim: an ice beast (moderately wounded, chance to affect: 80%)
The ice beast writhes in agony.
The ice beast closely misses you.
Unknown command.
Casting: Necrotise (safe; 1% risk of failure)
Confirm with . or Enter, or press ? or * to list all spells.
Aiming: Necrotise (safe; 1% risk of failure)
Press: ? - help, Shift-Dir - straight line, f/p - ice beast
Aim: an ice beast (moderately wounded, chance to affect: 80%)
The ice beast writhes in agony.
The ice beast hits you. The ice beast freezes you!
Ouch! That really hurt!
Unknown command.
Casting: Necrotise (safe; 1% risk of failure)
Confirm with . or Enter, or press ? or * to list all spells.
Aiming: Necrotise (safe; 1% risk of failure)
Press: ? - help, Shift-Dir - straight line, f/p - ice beast
Aim: an ice beast (heavily wounded, chance to affect: 80%)
The ice beast writhes in agony!
The ice beast hits you but does no damage.
Unknown command.
It was a potion of degeneration.
There was something very wrong with that liquid.
You feel weakened.
You feel dopey.
You feel clumsy. The ice beast barely misses you.
Magic courses through your body. The ice beast closely misses you.
Casting: Necrotise (safe; 2% risk of failure)
Confirm with . or Enter, or press ? or * to list all spells.
Aiming: Necrotise (safe; 2% risk of failure)
Press: ? - help, Shift-Dir - straight line, f/p - ice beast
Aim: an ice beast (severely wounded, chance to affect: 78%)
The ice beast writhes in agony!
The ice beast hits you. The ice beast freezes you!
You die...

#.# #.# #.#
... #.# #
#.####.##.#
#......Y..#
#@# #.# #>#
#.########
#.........
########..


You could see an ice beast.

Vanquished Creatures
  An adder (D:3)
  2 worms
  7 endoplasms
  2 giant cockroaches
  2 goblins
  2 hobgoblins (D:2)
  5 jackals (D:1)
  3 quokkas
  8 ball pythons
  4 bats
  2 frilled lizards (D:1)
  4 rats
42 creatures vanquished.

Vanquished Creatures (collateral kills)
  An endoplasm (D:1)
  A jackal (D:1)
2 creatures vanquished.

Grand Total: 44 creatures vanquished

Notes
Turn   | Place    | Note
-------+----------+-------------------------------------------
     0 | D:1      | billz999 the Demonspawn Necromancer began the quest for the
                  | Orb.
     0 | D:1      | Reached XP level 1. HP: 13/13 MP: 3/3
   315 | D:1      | Found a faded altar of an unknown god.
   539 | D:1      | Gained mutation: You are partially covered in thin metallic
                  | scales. (AC +2) [demonic ancestry]
   539 | D:1      | Reached XP level 2. HP: 19/19 MP: 1/5
  1330 | D:2      | Reached XP level 3. HP: 24/24 MP: 2/7
  1953 | D:3      | Reached skill level 5 in Necromancy
  2063 | D:3      | You fall into a shaft and drop 3 floors!
  2066 | D:5      | Entered Level 5 of the Dungeon
  2073 | D:5      | Noticed an ice beast
  2082 | D:5      | Slain by an ice beast

Illustrated notes

Levels and vault maps discovered:
D:1:      minmay_arrival_diagonal_passages, layout_loops_corners,
          hellmonk_ecumenical_altar_zigzags
D:2:      layout_rooms, minmay_heptomino_d4
D:3:      layout_loops_corners
D:5:      layout_loops_ring, minmay_temple_entry_butterflies, uniq_pikel
D:6:      layout_basic, interstate_on_off

Skill      XL: |  1  2  3 |
---------------+----------+-----
Spellcasting   | 3 |  3.4
Necromancy     | 5 |  5.0
Dodging        | |  1.7
Stealth        | |  1.7

Action                   || total
-------------------------++-------
Melee: Unarmed           ||    20
       Dagger            ||    13
 Cast: Necrotise         ||    79
  Use: Potion            ||     2
Armor: Robe              ||    15
Dodge: Dodged            ||    30

Table legend: (Time is in decaauts)
 A = Elapsed time spent in this place.
 B = Non-inter-level travel time spent in this place.
 C = Inter-level travel time spent in this place.
 D = Time resting spent in this place.
 E = Time spent auto-exploring this place.
 F = Levels seen in this place.
 G = Mean time per level.
                   A        B        C        D        E       F      G
               +--------+--------+--------+--------+--------+-----+--------+
         Total |   2075 |   2009 |     66 |      0 |   1760 |   5 |  415.0 |
       Dungeon |   2075 |   2009 |     66 |      0 |   1760 |   5 |  415.0 |
               +--------+--------+--------+--------+--------+-----+--------+

Top non-repeatable levels by time:
     D:1: 1278 daAuts
     D:2: 607 daAuts
     D:3: 171 daAuts
     D:5: 15 daAuts
     D:6: 2 daAuts
